 Dungeon Crawl Stone Soup version 0.29-a0-732-g3d7fbe0af2 (webtiles) character file.

Game seed: 2092034776240597099

64 gobodom the Magician (level 3, -1/24 HPs)
             Began as a Demonspawn Hedge Wizard on June 30, 2022.
             Killed by divine providence
             ... invoked by an orc priest
              (7 damage)
             ... on level 3 of the Dungeon.
             The game lasted 00:07:43 (3295 turns).

gobodom the Magician (Demonspawn Hedge Wizard)      Turns: 3295, Time: 00:07:45

Health: -1/24      AC:  4    Str: 10    XL:     3   Next: 91%
Magic:  0/8        EV: 12    Int: 17    God:
Gold:   75         SH:  0    Dex: 12    Spells: 9/10 levels left

rFire   . . .      SeeInvis .   a - +0 dagger
rCold   . . .      Faith    .   (no shield)
rNeg    . . .      Spirit   .   b - +0 robe
rPois   .          Reflect  .   c - +0 hat
rElec   .          Harm     .   (no cloak)
rCorr   .          Rampage  .   (no gloves)
Will    .....                   (no boots)
Stlth   ++........              (no amulet)
HPRegen 0.08/turn               e - ring of wizardry
MPRegen 0.11/turn               (no ring)

@: no status effects
A: icy blue scales 1, condensation shield
a: no special abilities


You were on level 3 of the Dungeon.
You visited 1 branch of the dungeon, and saw 3 of its levels.

You collected 75 gold pieces.

Inventory:

Hand Weapons
 a - a +0 dagger (weapon)
 l - a +0 quarterstaff of distortion
Armour
 b - a +0 robe (worn)
 c - a +0 hat (worn)
 m - the +6 ring mail of Hedonism {Dex+4}
   (You found it on level 2 of the Dungeon)

   Dex:       It affects your dexterity (+4).
Jewellery
 e - a ring of wizardry (left hand)
Wands
 o - a wand of iceblast (10)
 p - a wand of flame (20)
Scrolls
 i - a scroll of immolation
 n - 2 scrolls of poison
 s - a scroll of identify {unknown}
Potions
 d - a potion of magic
 f - 3 potions of resistance {unknown}
 g - a potion of heal wounds {unknown}
 h - a potion of might {unknown}
 j - a potion of ambrosia {unknown}
 k - 3 potions of cancellation {unknown}
 q - a potion of lignification {unknown}
 r - a potion of mutation {unknown}


   Skills:
 + Level 0.1 Fighting
 + Level 0.3 Short Blades
 + Level 2.3 Dodging
 + Level 2.0 Stealth
 + Level 4.0 Spellcasting
 + Level 1.3 Conjurations
 + Level 1.0 Summonings
 + Level 0.8 Translocations


You had 9 spell levels left.
You knew the following spells:

 Your Spells              Type           Power      Damage    Failure   Level
a - Magic Dart            Conj           28%        1d4       4%          1

Your spell library contained the following spells:

 Spells                   Type           Power      Damage    Failure   Level
 Slow                     Hex            12%        N/A       6%          1
 Call Imp                 Summ           6%         N/A       6%          2
 Blink                    Tloc           12%        N/A       7%          2
 Conjure Flame            Conj/Fire      5%         6-21      14%         3
 Mephitic Cloud           Conj/Pois/Air  4%         N/A       16%         3


Dungeon Overview and Level Annotations

Branches:
Dungeon (3/15)

Altars:
Qazlal


Innate Abilities, Weirdness & Mutations

You are partially covered in icy blue scales. (AC +2)
A meltable shield of frost defends you. (SH +0)


Message History

Confirm with . or Enter, or press ? or * to list all spells.
Aiming: Magic Dart (safe; 4% risk of failure)
Press: ? - help, Shift-Dir - straight line, f/p - orc
Aim: an orc, wielding a +0 flail (heavily wounded, 100% to hit)
The magic dart hits the orc.
The orc is severely wounded.
The orc hits you but does no damage.
Casting: Magic Dart (safe; 4% risk of failure)
Confirm with . or Enter, or press ? or * to list all spells.
Aiming: Magic Dart (safe; 4% risk of failure)
Press: ? - help, Shift-Dir - straight line, f/p - orc
Aim: an orc, wielding a +0 flail (severely wounded, 100% to hit)
The magic dart hits the orc.
You kill the orc!
The orc priest calls down the wrath of Beogh upon you.
Casting: Magic Dart (safe; 4% risk of failure)
Confirm with . or Enter, or press ? or * to list all spells.
Aiming: Magic Dart (safe; 4% risk of failure)
Press: ? - help, Shift-Dir - straight line, f - orc priest
Aim: an orc priest, wielding a +0 mace and wearing a +0 ring mail (100% to hit)
The magic dart hits something but does no damage.
Something hits you but does no damage.
Casting: Magic Dart (safe; 4% risk of failure)
Confirm with . or Enter, or press ? or * to list all spells.
Aiming: Magic Dart (safe; 4% risk of failure)
Press: ? - help, Shift-Dir - straight line, f/p - orc priest
Aim: an orc priest, wielding a +0 mace and wearing a +0 ring mail (100% to hit)
The magic dart hits something.
Something hits you.
You hit something. Something hits you.
The orc priest calls down the wrath of Beogh upon you.
Something writhes in agony.
You hit something but do no damage. Something hits you.
* * * LOW HITPOINT WARNING * * *
You closely miss something.
You hear some strange, mumbled words.
A puff of flame appears from out of thin air!
The puff of flame misses you.
The orc priest invokes the aid of Beogh against you.
Beogh smites you!
You die...

#.# # #.# #.# #. #.# #.#
#.#.#.# # #.# .....#.#
#.#.###.#.#.#.###
##.#####.#......o.......
#......#.# #.#{# ######.#.#
#.#@# ###.#.#####.#.#
#.............#
#.#.#.#####.###
#.#.#...........#
#.#.#..†....≈≈≈≈###
#.#.#.###...≈≈≈≈≈≈###
#.#.#.#.....≈≈≈≈≈≈≈≈#### ####
#.#.#.#.#.#..≈≈≈≈≈≈≈≈≈≈####≈≈≈


You could see an orc priest.

Vanquished Creatures
  An adder (D:2)
  A worm (D:2)
  2 dart slugs
  3 orcs (D:3)
  3 ball pythons (D:1)
  5 endoplasms (D:1)
  3 giant cockroaches (D:1)
  3 goblins
  4 hobgoblins
  3 quokkas (D:1)
  3 bats
  4 frilled lizards (D:1)
  3 kobolds
  3 rats
41 creatures vanquished.

Notes
Turn   | Place    | Note
-------+----------+-------------------------------------------
     0 | D:1      | gobodom the Demonspawn Hedge Wizard began the quest for the
                  | Orb.
     0 | D:1      | Reached XP level 1. HP: 13/13 MP: 4/4
     1 | D:1      | Noticed an electric eel
   339 | D:1      | Gained mutation: A meltable shield of frost defends you.
                  | (SH +0) [demonic ancestry]
   339 | D:1      | Reached XP level 2. HP: 19/19 MP: 3/6
  1303 | D:1      | Gained mutation: You are partially covered in icy blue
                  | scales. (AC +2) [demonic ancestry]
  1303 | D:1      | Reached XP level 3. HP: 18/24 MP: 0/8
  1497 | D:1      | Found a faded altar of an unknown god.
  2050 | D:2      | Identified the +6 ring mail of Hedonism {Dex+4}
  2823 | D:3      | Reached skill level 4 in Spellcasting
  3018 | D:3      | Found a stormy altar of Qazlal.
  3295 | D:3      | Killed from afar by an orc priest

Illustrated notes

Levels and vault maps discovered:
D:1:      arrival_aquarium_a, layout_loops_corners, basic_ecumenical_altar,
          st_stairs_14, minivault_27, kennysheep_minor_cross
D:2:      layout_basic, kennysheep_generic_room_7
D:3:      wander_river, layout_basic, lemuel_tele_altar, minmay_cut_off

Skill      XL: |  1  2  3 |
---------------+----------+-----
Dodging        | 2 |  2.3
Stealth        | 2 |  2.0
Spellcasting   | 4 |  4.0
Fighting       | |  0.1
Short Blades   | |  0.3
Conjurations   | |  1.3
Summonings     | |  1.0
Translocations | |  0.8

Action                   || total
-------------------------++-------
Melee: Dagger            ||   103
 Cast: Magic Dart        ||   110
  Use: Scroll            ||     3
 Stab: Sleeping          ||     2
Armor: Robe              ||    25
Dodge: Dodged            ||    59
Block: Other             ||    11

Table legend: (Time is in decaauts)
 A = Elapsed time spent in this place.
 B = Non-inter-level travel time spent in this place.
 C = Inter-level travel time spent in this place.
 D = Time resting spent in this place.
 E = Time spent auto-exploring this place.
 F = Levels seen in this place.
 G = Mean time per level.
                   A        B        C        D        E       F      G
               +--------+--------+--------+--------+--------+-----+--------+
         Total |   3294 |   3193 |    101 |    200 |   2467 |   3 | 1098.0 |
       Dungeon |   3294 |   3193 |    101 |    200 |   2467 |   3 | 1098.0 |
               +--------+--------+--------+--------+--------+-----+--------+

Top non-repeatable levels by time:
     D:1: 1814 daAuts
     D:2: 894 daAuts
     D:3: 585 daAuts
